Map: Nightshade LE

Players

souL

  • Race: Terran Terran
  • Spawn Location: 11:00

cure - Winner!

  • Race: Terran Terran
  • Spawn Location: 5:00

Event: StayAtHomestory Cup #1

VOD

Have the link to the VOD?

Description

Time

  • Played on: April 11, 2020, 8:34 a.m.
  • Length: 6:57

All games in this series

Show
View Real Time Build Order
Export as new Build Order

souL Terran 

Build Orders:  

Get SALT Encoding   

  12  0:00  SCV  
  13  0:13  SCV  
  14  0:17  Supply Depot  
  14  0:25  SCV  
  15  0:30  Refinery  
  15  0:39  SCV  
  16  0:44  Barracks  
  16  0:52  SCV  
  16  0:54  Refinery  
  17  1:04  SCV  
  18  1:16  SCV  
  19  1:32  Orbital Command  
  19  1:33  Factory  
  19  1:37  Reaper  
  20  1:47  Supply Depot  
  20  1:58  SCV  
  21  2:09  Reaper  
  21  2:10  SCV  
  23  2:18  Hellion  
  23  2:22  SCV  
  26  2:28  Command Center  
  26  2:34  SCV  
  27  2:39  Hellion  
  27  2:40  Supply Depot  
  27  2:44  Barracks Reactor  
  29  2:47  SCV  
  30  2:53  Starport  
  30  3:01  SCV, Factory Tech Lab  
  31  3:13  SCV  
  31  3:19  Cyclone  
  35  3:21  Supply Depot  
  35  3:25  SCV  
  36  3:28  Marine  
  36  3:29  Marine  
  36  3:31  Starport Tech Lab  
  38  3:35  Refinery  
  38  3:37  SCV  
  39  3:44  Orbital Command  
  39  3:49  SCV  
  39  3:51  Raven, Marine  
  39  3:52  Marine  
  44  4:01  SCV  
  48  4:06  Siege Tank  
  48  4:10  SCV  
  48  4:13  SCV, Marine  
  48  4:14  Marine  
  52  4:21  Supply Depot  
  52  4:22  SCV  
  53  4:25  SCV  
  54  4:31  Marine  
  54  4:34  Marine  
  54  4:35  SCV, Raven  
  54  4:38  SCV  
  60  4:46  Siege Tank  
  60  4:47  SCV  
  60  4:50  SCV, Marine  
  60  4:52  Marine  
  67  4:59  SCV  
  68  5:02  SCV, Command Center  
  69  5:11  SCV  
  69  5:13  Supply Depot  
  70  5:14  Supply Depot  
  70  5:22  SCV  
  70  5:30  Barracks  
  70  5:33  Barracks  
  70  5:35  SCV x2  
  72  5:36  Supply Depot  
  72  5:38  Supply Depot  
  72  5:39  Supply Depot  
  72  5:40  Viking  
  72  5:41  Viking  
  76  5:49  SCV, Refinery  
  77  5:51  SCV  
  77  5:56  Siege Tank  
  81  6:01  SCV  
  81  6:03  SCV  
  83  6:07  Marine  
  84  6:12  Engineering Bay  
  84  6:13  SCV, Engineering Bay  
  79  6:31  SCV, Marine  
  67  6:33  SCV  
Show
View Real Time Build Order
Export as new Build Order

cure Terran - Winner!

Build Orders: Cyclone Opening 

Get SALT Encoding   

  12  0:00  SCV  
  13  0:12  SCV  
  14  0:17  Supply Depot  
  14  0:25  SCV  
  14  0:27  Refinery  
  15  0:38  SCV  
  16  0:43  Barracks  
  16  0:50  SCV  
  16  0:54  Refinery  
  17  1:02  SCV  
  18  1:14  SCV  
  19  1:30  Orbital Command  
  19  1:31  Factory  
  19  1:34  Reaper  
  20  1:44  Supply Depot  
  20  1:56  SCV  
  21  2:06  Reaper  
  21  2:08  SCV  
  23  2:14  Hellion  
  25  2:20  SCV  
  26  2:28  Command Center  
  26  2:32  SCV  
  26  2:35  Supply Depot  
  27  2:37  Factory Tech Lab  
  27  2:40  Barracks Reactor  
  27  2:44  SCV  
  28  2:56  Cyclone  
  28  2:58  SCV  
  32  3:03  Starport  
  32  3:10  SCV  
  33  3:17  Marine x2  
  33  3:18  Refinery  
  35  3:22  SCV  
  36  3:28  Siege Tank  
  39  3:39  SCV  
  41  3:41  Orbital Command, Starport Tech Lab  
  41  3:45  Marine x2  
  42  3:51  SCV  
  43  3:58  Supply Depot  
  43  3:59  Raven  
  45  4:06  SCV  
  45  4:08  SCV  
  45  4:09  Marine x2  
  49  4:15  Siege Tank  
  52  4:18  SCV  
  52  4:20  SCV  
  52  4:23  Supply Depot  
  54  4:26  Marine  
  54  4:27  Marine  
  57  4:31  SCV  
  57  4:32  SCV  
  57  4:35  Supply Depot  
  58  4:43  SCV  
  58  4:44  SCV  
  60  4:47  Siege Tank  
  60  4:50  Supply Depot  
  60  4:52  Liberator  
  66  4:53  Marine  
  66  4:55  SCV  
  66  4:56  SCV  
  66  4:59  Supply Depot  
  69  5:04  Viking  
  71  5:08  SCV x2  
  73  5:14  Marine  
  73  5:19  Siege Tank  
  73  5:20  Supply Depot  
  77  5:22  SCV x2  
  77  5:26  Supply Depot  
  79  5:32  Marine  
  79  5:33  Viking  
  79  5:35  Viking  
  84  5:43  Supply Depot  
  84  5:46  SCV x2  
  86  5:50  Marine  
  86  5:51  Siege Tank  
  90  5:58  Command Center  
  90  6:01  SCV x2  
  92  6:07  Viking  
  92  6:09  Viking  
  96  6:11  Marine  
  96  6:14  Supply Depot  
  97  6:24  SCV x2  
  81  6:34  Marine  
Tags
 
Add a new tag
Caveats
  • Supply blocks, unpowered buildings, or Contaminate may cause inaccurate times.
  • Supply counts are checked every 10 seconds.